 Dungeon Crawl Stone Soup version 0.29.1-15-g9cfb28693d (webtiles) character file.

Game seed: 6368212526526172150

63 growler the Conjurer (level 3, -6/19 HPs)
             Began as a Deep Elf Conjurer on Mar 12, 2023.
             Mangled by Terence
             ... wielding a +0 mace
              (17 damage)
             ... on level 2 of the Dungeon.
             The game lasted 00:02:13 (1608 turns).

growler the Conjurer (Deep Elf Conjurer)            Turns: 1608, Time: 00:02:14

Health: -6/19      AC:  3    Str:  4    XL:     3   Next: 87%
Magic:  3/11       EV: 12    Int: 24    God:
Gold:   128        SH:  0    Dex: 13    Spells: 5/11 levels left

rFire   . . .      SeeInvis .   (no weapon)
rCold   . . .      Faith    .   (no shield)
rNeg    . . .      Spirit   .   a - +0 robe
rPois   .          Reflect  .   (no helmet)
rElec   .          Harm     .   (no cloak)
rCorr   .          Rampage  .   r - +0 pair of gloves
Will    .....                   (no boots)
Stlth   ++........              (no amulet)
HPRegen 0.06/turn               (no ring)
MPRegen 0.12/turn               (no ring)

@: no status effects
A: no striking features
a: no special abilities


You were on level 2 of the Dungeon.
You visited 1 branch of the dungeon, and saw 2 of its levels.

You collected 128 gold pieces.

Inventory:

Armour
 a - a +0 robe (worn)
 r - a +0 pair of gloves (worn)
Scrolls
 c - a scroll of vulnerability {unknown}
 d - a scroll of teleportation {unknown}
 e - a scroll of brand weapon {unknown}
 g - a scroll of fog {unknown}
 i - a scroll of immolation {unknown}
 j - a scroll of identify {unknown}
 m - a scroll of fear {unknown}
 n - a scroll of poison {unknown}
 o - a scroll of torment {unknown}
 p - a scroll of enchant weapon {unknown}
Potions
 b - a potion of magic
 f - 2 potions of experience {unknown}
 h - a potion of mutation {unknown}
 k - a potion of attraction {unknown}
 l - a potion of resistance {unknown}
 q - a potion of heal wounds {unknown}


   Skills:
 - Level 2.4 Dodging
 - Level 2.4 Stealth
 + Level 4.6 Spellcasting
 + Level 5.3 Conjurations


You had 5 spell levels left.
You knew the following spells:

 Your Spells              Type           Power      Damage    Failure   Level
a - Magic Dart            Conj           100%       1d8       1%          1
b - Searing Ray           Conj           62%        2d6       1%          2
c - Dazzling Flash        Conj/Hex       36%        N/A       10%         3

Your spell library contained the following spells:

 Spells                   Type           Power      Damage    Failure   Level
 Beastly Appendage        Tmut           10%        N/A       10%         1
 Wereblood                Tmut           5%         N/A       14%         2
 Spider Form              Tmut/Pois      5%         N/A       28%         3
 Fulminant Prism          Conj/Hex       9%         3d7       30%         4
 Iskenderun's Mystic Bla  Conj/Tloc      18%        2d6       30%         4


Dungeon Overview and Level Annotations

Branches:
Dungeon (2/15)

Altars:

Annotations:
D:2 Terence


Message History

You kill the endoplasm!
You now have 128 gold pieces (gained 9).
You open the door.
Terence and a hobgoblin come into view.
The hobgoblin shouts!
Found 7 stones.
The magic dart hits the hobgoblin.
You kill the hobgoblin!
You start resting.
Terence is nearby!
Terence shouts!
Casting: Magic Dart (safe; 1% risk of failure)
Confirm with . or Enter, or press ? or * to list all spells.
Aiming: Searing Ray (safe; 1% risk of failure)
Press: ? - help, Shift-Dir - straight line, f - Terence
Aim: Terence, wielding a +0 mace and wearing a +0 chain mail (85% to hit)
The searing ray misses Terence. (Press . to maintain the ray.)
The searing ray hits Terence.
Terence is moderately wounded.
The searing ray hits Terence!
Terence is heavily wounded.
The searing ray misses Terence.
You finish channelling your searing ray.
Terence drinks a potion.
Terence goes berserk!
Unknown command.
Casting: Searing Ray (safe; 1% risk of failure)
Confirm with . or Enter, or press ? or * to list all spells.
Aiming: Searing Ray (safe; 1% risk of failure)
Press: ? - help, Shift-Dir - straight line, f/p - Terence
Aim: Terence, wielding a +0 mace and wearing a +0 chain mail (heavily wounded, berserk, 85% to hit)
The searing ray hits Terence.
Terence is severely wounded. (Press . to maintain the ray.) Terence hits you with a +0 mace!
The searing ray hits Terence.
Terence is severely wounded.
Terence hits you with a +0 mace!
Ouch! That really hurt!
You die...

##.## #.#
#...# #.#
#..## #.#
#.## #.# #.#
#### #.#
####.@.# #.#
#..'.(.#
#.####.##@..#
#@@†....# ###
#########


You could see Terence (berserk).

Vanquished Creatures
  Natasha (D:2)
  7 endoplasms
  2 giant cockroaches
  4 goblins
  5 hobgoblins
  A kobold (D:2)
  6 ball pythons (D:1)
  A bat (D:2)
  3 frilled lizards
  3 rats
33 creatures vanquished.

Notes
Turn   | Place    | Note
-------+----------+-------------------------------------------
     0 | D:1      | growler the Deep Elf Conjurer began the quest for the Orb.
     0 | D:1      | Reached XP level 1. HP: 10/10 MP: 6/6
    30 | D:1      | Found a faded altar of an unknown god.
   143 | D:1      | Reached XP level 2. HP: 15/15 MP: 0/8
   211 | D:1      | Learned a level 2 spell: Searing Ray
   901 | D:2      | Reached XP level 3. HP: 19/19 MP: 6/10
   905 | D:2      | Learned a level 3 spell: Dazzling Flash
  1022 | D:2      | Reached skill level 5 in Conjurations
  1344 | D:2      | Noticed Natasha
  1351 | D:2      | Killed Natasha
  1591 | D:2      | Noticed Terence
  1608 | D:2      | Mangled by Terence

Illustrated notes

Levels and vault maps discovered:
D:1:      sevenhm_arrival_forest_fort_small_6, layout_rooms,
          ebering_ecumenical_altar_rust
D:2:      layout_loops_ring, eino_tiny_chamber, st_stairs_12, uniq_terence,
          uniq_natasha

Skill      XL: |  1  2  3 |
---------------+----------+-----
Spellcasting   | 4 |  4.6
Conjurations   | 5 |  5.3
Dodging        | |  2.4
Stealth        | |  2.4

Action                   || total
-------------------------++-------
 Cast: Magic Dart        ||    63
       Searing Ray       ||     3
Dodge: Dodged            ||     3
